 Dungeon Crawl Stone Soup version 0.29.1-15-g9cfb28693d (webtiles) character file.

Game seed: 8840846273265270580

3157 Sanktem7 the Fighter (level 9, -1/86 HPs)
             Began as a Minotaur Fighter on Mar 3, 2023.
             Was a Follower of Trog.
             Slain by a vampire
             ... wielding a staff of fire
              (5 damage)
             ... on level 7 of the Dungeon.
             The game lasted 00:14:13 (6103 turns).

Sanktem7 the Fighter (Minotaur Fighter)             Turns: 6103, Time: 00:14:14

Health: -1/86      AC: 15    Str: 22    XL:     9   Next: 62%
Magic:  1/8        EV: 10    Int:  8    God:    Trog [*.....]
Gold:   335        SH: 10    Dex: 14    Spells: 8/8 levels left

rFire   + . .      SeeInvis .   i - +7 mace of Offuenn {holy, rElec rPois Int+3 Dex+3, mace}
rCold   + + .      Faith    .   c - +0 buckler
rNeg    . . .      Spirit   .   p - +3 ring mail
rPois   +          Reflect  +   (helmet restricted)
rElec   +          Harm     .   t - +2 cloak
rCorr   +          Rampage  .   a - +0 pair of gloves {infuse}
Will    .....                   C - +0 pair of boots
Stlth   +.........              s - amulet of reflection
HPRegen 0.24/turn               A - ring of protection from cold
MPRegen 0.11/turn               (no ring)

@: about to teleport, resistant
A: horns 2, retaliatory headbutt, weak 1
a: Renounce Religion, Berserk


You were on level 7 of the Dungeon.
You worshipped Trog.
Trog was aware of your devotion.
You visited 1 branch of the dungeon, and saw 7 of its levels.

You collected 920 gold pieces.
You spent 585 gold pieces at shops.


Innate Abilities, Weirdness & Mutations

You have a pair of horns on your head.
You reflexively headbutt those who attack you in melee.
You are weak. (Str -2)


   Skills:
 * Level 10.9 Fighting
 - Level 6.8(8.5) Axes
 * Level 8.0(9.2) Maces & Flails
 + Level 4.1 Throwing
 - Level 6.0 Armour
 - Level 3.6 Shields


You had 8 spell levels left.
You didn't know any spells.
Your spell library contained the following spells:

 Spells                   Type           Power      Damage    Failure   Level
 Apportation              Tloc           0%         N/A       65%         1
 Necrotise                Necr           0%         1d4       65%         1
 Summon Small Mammal      Summ           0%         N/A       65%         1
 Scorch                   Fire           0%         2d5       78%         2
 Ozocubu's Armour         Ice            0%         N/A       95%         3
 Flame Wave               Conj/Fire      0%         2d4       100%        4
 Metabolic Englaciation   Hex/Ice        0%         N/A       100%        5
 Simulacrum               Ice/Necr       0%         N/A       100%        6
 Summon Cactus Giant      Summ           0%         N/A       100%        6

Inventory:

Hand Weapons
 i - the +7 mace of Offuenn (weapon) {holy, rElec rPois Int+3 Dex+3, mace}
   (You bought it in a shop on level 4 of the Dungeon)

   It has been blessed by the Shining One to cause great damage to the undead
   and demons.
   Int:       It affects your intelligence (+3).
   Dex:       It affects your dexterity (+3).
   rElec:     It insulates you from electricity.
   rPois:     It protects you from poison.
Missiles
 e - 47 stones (quivered) {throwing}
 m - 4 boomerangs of dispersal {=f!fthrowing}
 o - 6 poisoned darts {throwing}
 v - 5 datura-tipped darts {throwing}
 D - a curare-tipped dart {=fthrowing}
Armour
 a - a +0 pair of gloves of infusion (worn)
   (You bought it in a shop on level 4 of the Dungeon)
 c - a +0 buckler (worn)
 h - a +0 pair of gloves
   (You found it on level 1 of the Dungeon)
 p - a +3 ring mail (worn)
   (You found it on level 4 of the Dungeon)
 t - a +2 cloak (worn)
   (You found it on level 3 of the Dungeon)
 C - a +0 pair of boots (worn)
   (You found it on level 5 of the Dungeon)
Jewellery
 s - an amulet of reflection (around neck)
   (You found it on level 2 of the Dungeon)
 A - a ring of protection from cold (left hand)
   (You found it on level 5 of the Dungeon)
Wands
 r - a wand of acid (8)
   (You found it on level 3 of the Dungeon)
Scrolls
 b - 4 scrolls of teleportation {@r4}
 l - 2 scrolls of immolation {unknown}
 n - a scroll of vulnerability {unknown}
 y - 4 scrolls of amnesia
 B - a scroll of noise {unknown}
Potions
 d - 2 potions of might
 f - 3 potions of curing {@q1}
 g - a potion of experience {unknown}
 j - 2 potions of lignification {!q}
 k - 3 potions of invisibility
 q - a potion of cancellation {unknown}
 u - 3 potions of brilliance
 w - a potion of berserk rage {unknown}
 x - a potion of resistance
 z - a potion of attraction {unknown}

Dungeon Overview and Level Annotations

Branches:
Dungeon (7/15) Zot: 26698  Temple (0/1) D:6

Altars:
Dithmenos
Fedhas
Qazlal
Ru
Trog
Vehumet
Xom
Yredelemnul

Shops:
D:4 (*??: D:6

* .###..#)###.# ..
#.........## #.##
#..###.###..## #..#
...##...[.##..## #
#..##.##.......##..# ##.
#..###..#.#.#†.##..
##... #..#..#######..#..
#.}})o##h#..#.....#..#..
#)c{@#..#.......#....
#.)):o##C#..#.....#..#..
##... #..#..#######..#.#
##. #..###..#.#.#..##.#
# #..# ##.......##..#
#..# ##.....##..## #.##
###.###..## ...
##.....##..## .#
##.......##...


You could see a cyclops, an orc warrior, a centaur, a hound and an orc.


Message History

You lost 1 mp, and now have 6/8 mp.
You bludgeon the vampire mosquito!!
The vampire mosquito convulses!
You destroy the vampire mosquito!
Trog accepts your kill.
The centaur shoots an arrow.
You reflect the arrow off an invisible shield around you!
The arrow hits the centaur! 😕 MP[-1]
You lost 1 mp, and now have 5/8 mp.
You barely miss the orc wizard. You block the orc wizard's attack.
You miss the orc wizard. You block the orc wizard's attack.
You sock the orc wizard! You headbutt the orc wizard.
You kill the orc wizard!
Trog accepts your kill.
Trog appreciates your killing of a magic user.
The centaur shoots an arrow.
You reflect the arrow off an invisible shield around you!
The arrow hits the centaur!
The vampire casts a spell.
The vampire flickers and vanishes!
Deactivating autopickup; reactivate with Ctrl-A.
You hear a shout! x2 😕 HP[+1] MP[-1]
You lost 1 mp, and now have 4/8 mp.
You sock the komodo dragon! You headbutt the komodo dragon!
The komodo dragon barely misses you. 😕 MP[-1]
You lost 1 mp, and now have 3/8 mp.
You barely miss the komodo dragon.
The komodo dragon bites you but does no damage.
An orc comes into view. It is wielding a +0 flail.
You hit the komodo dragon.
You block the komodo dragon's attack. 😕 MP[-1]
You lost 1 mp, and now have 2/8 mp.
You hit the komodo dragon. You headbutt the komodo dragon.
The komodo dragon bites you. 😕 HP[-1]
You take 1 damage, and now have 79/86 hp.
You barely miss the komodo dragon. You headbutt the komodo dragon.
You block the komodo dragon's attack.
You sock the komodo dragon!
You kill the komodo dragon!
Trog accepts your kill.
The centaur shoots an arrow.
The arrow hits you!
A hound comes into view.
The centaur shoots an arrow.
The arrow hits you but does no damage.
A cyclops comes into view.
The hound barks!
Your base Maces & Flails skill increases to level 8!
Your Throwing skill increases to level 4! 😕 HP[-8] MP[-1]
You take 8 damage, and now have 71/86 hp.
You lost 1 mp, and now have 1/8 mp.
You hit the cyclops.
The centaur shoots an arrow.
The hound bites you. 😕 HP[-1] MP[-1]
You take 1 damage, and now have 70/86 hp.
You lost 1 mp, and now have 0/8 mp.
You sock the cyclops!
The centaur shoots an arrow.
Something draws life force from you! You block the cyclops's attack.
You block the hound's attack.
The centaur shoots an arrow.
The arrow hits you. 😮 HP[-11]
You take 11 damage, and now have 59/86 hp.
You hit the cyclops. Your headbutt misses the cyclops.
The hound bites you but does no damage. Something hits you but does no damage.
You block something's attack.
The centaur shoots an arrow.
You block the cyclops's attack.
You barely miss the cyclops. The hound completely misses you.
The centaur shoots an arrow.
Something hits you but does no damage. Something bites you but does no damage.
The hound bites you.
The centaur shoots an arrow.
The cyclops hits you but does no damage. 😮 HP[-5]
You take 5 damage, and now have 54/86 hp.
You hit the cyclops but do no damage. You headbutt the cyclops.
You block something's attack. x2; The hound bites you but does no damage.
The centaur shoots an arrow.
You thump the cyclops! You headbutt the cyclops!
The hound bites you but does no damage.
The centaur shoots an arrow.
Something hits you. Something burns you!
* * * LOW HITPOINT WARNING * * *
Something bites you but does no damage. You block the cyclops's attack.
The hound bites you but does no damage. 😨 HP[-14]
You take 14 damage, and now have 40/86 hp.
As you read the scroll of teleportation {@r4}, it crumbles to dust.
You feel strangely unstable. Something draws life force from you!!
* * * LOW HITPOINT WARNING * * *
The hound misses you.
The centaur shoots an arrow.
The cyclops hits you!!
* * * LOW HITPOINT WARNING * * *
😱 HP[-36] MP[+1]
You take 36 damage, and now have 4/86 hp.
MASSIVE DAMAGE!! (PAUSE)
Okay, then.
It was a potion of resistance.
You feel protected. The hound barely misses you.
The centaur shoots an arrow.
The arrow hits you but does no damage. You block something's attack.
Something bites you.
You die...

Skill      XL: |  1  2  3  4  5  6  7  8  9 |
---------------+----------------------------+-----
Fighting       | 4 5 6 8 10 | 10.9
Axes           | 3 4 5 6 |  6.8
Armour         | 4 5 6 |  6.0
Maces & Flails | 2 6 8 |  8.0
Throwing       | 3 4 |  4.1
Shields        | |  3.6

Action                   |  1- 3 |  4- 6 |  7- 9 || total
-------------------------+-------+-------+-------++-------
Melee: War axe           |    54 |    93 |    47 ||   194
       Headbutt          |     4 |    18 |    33 ||    55
       Mace              |       |       |   122 ||   122
  Use: Scroll            |       |       |    13 ||    13
       Potion            |       |       |     2 ||     2
Armor: Scale mail        |    24 |    30 |       ||    54
       Ring mail         |       |    14 |    59 ||    73
Dodge: Dodged            |    35 |    40 |    57 ||   132
Block: Buckler           |    15 |    40 |    99 ||   154
       Reflection        |       |     1 |     3 ||     4

Levels and vault maps discovered:
D:1:      dpeg_arrival_long_road, layout_rooms,
          shapermc_ecumenical_altar_notcrosses
D:2:      layout_rooms, basic_altar, uniq_natasha
D:3:      layout_rooms, nicolae_elevator_lobby_plus
D:4:      layout_basic, nicolae_vehumet_altar_sigil, serial_shops,
          nicolae_shop_stone, nicolae_diamond_shop, kennysheep_mini_moat, shop,
          shop, uniq_blork_the_orc, uniq_eustachio, uniq_duvessa
D:5:      layout_basic, minitemple
D:6:      layout_loops_corners, grunt_temple_overflow_forces_of_nature,
          minmay_temple_entry_wispy, ebering_ghost_sewer_d, grunt_ministairs_10,
          nicolae_shop_clearance
D:7:      minmay_the_grid_octo_2x2 [minmay_the_grid_octo_chip,
          minmay_the_grid_octo_empty, minmay_the_grid_octo_77,
          minmay_the_grid_octo_prize_star], layout_loops_ring,
          kennysheep_little_box, uniq_menkaure

Notes
Turn   | Place    | Note
-------+----------+-------------------------------------------
     0 | D:1      | Sanktem7 the Minotaur Fighter began the quest for the Orb.
     0 | D:1      | Reached XP level 1. HP: 19/19 MP: 0/0
     0 | D:1      | magus.rc [v1.9.6]
   157 | D:1      | Reached XP level 2. HP: 27/27 MP: 1/1
   193 | D:1      | Reached skill level 4 in Fighting
   214 | D:1      | Reached skill level 3 in Axes
   473 | D:1      | magus.rc [v1.9.6]
   474 | D:1      | Found a faded altar of an unknown god.
   580 | D:1      | You pick up a book of Scorching and begin reading...
   580 | D:1      | You add the spells Scorch, Flame Wave and Summon Cactus
                  | Giant to your library.
   656 | D:1      | Reached skill level 4 in Armour
   706 | D:1      | Reached XP level 3. HP: 33/33 MP: 2/2
   744 | D:2      | Noticed Natasha
   747 | D:2      | Killed Natasha
   753 | D:2      | Noticed Natasha
   757 | D:2      | Killed Natasha
   758 | D:2      | Reached XP level 4. HP: 38/41 MP: 3/3
   824 | D:2      | Reached skill level 4 in Axes
   833 | D:2      | Reached skill level 5 in Fighting
   912 | D:2      | Noticed Natasha
   919 | D:2      | Killed Natasha
   920 | D:2      | Reached XP level 5. HP: 36/48 MP: 4/4
  1109 | D:2      | Found a radiant altar of Vehumet.
  1231 | D:2      | You fall into a shaft and drop 2 floors!
  1235 | D:4      | Found Xini's Magic Scroll Shop.
  1239 | D:4      | Bought a scroll of identify for 26 gold pieces
  1289 | D:4      | You pick up a book of Cantrips and begin reading...
  1289 | D:4      | You add the spells Necrotise, Summon Small Mammal and
                  | Apportation to your library.
  1290 | D:4      | Found Fuyc's Book Shop.
  1334 | D:4      | Noticed Eustachio
  1334 | D:4      | Noticed an ogre
  1645 | D:2      | magus.rc [v1.9.6]
  2027 | D:4      | Found Aniet's Antique Weapon Emporium.
  2050 | D:4      | Found Pioludypn's Assorted Antiques.
  2064 | D:4      | Noticed Dowan
  2064 | D:4      | Noticed Duvessa
  2074 | D:4      | HP: 11/49 [Dowan/+0 dagger of freezing (5)]
  2075 | D:4      | Killed Duvessa
  2076 | D:4      | Reached skill level 6 in Fighting
  2076 | D:4      | Reached skill level 5 in Axes
  2076 | D:4      | Reached XP level 6. HP: 11/57 MP: 5/5
  2081 | D:4      | HP: 11/57 [Dowan/+0 dagger of freezing (1)]
  2082 | D:4      | Killed Dowan
  2083 | D:4      | Reached skill level 5 in Armour
  2351 | D:4      | Noticed Blork the orc
  2361 | D:4      | Killed Blork the orc
  2612 | D:4      | Found Kunesa's Magic Scroll Shop.
  2746 | D:4      | Reached skill level 6 in Axes
  2746 | D:4      | Reached XP level 7. HP: 54/64 MP: 6/6
  2810 | D:4      | Found a radiant altar of Vehumet.
  2883 | D:4      | Killed Eustachio
  2884 | D:4      | Reached skill level 7 in Fighting
  3002 | D:4      | Identified a scroll of acquirement
  3002 | D:4      | Acquired 619 gold pieces
  3099 | D:4      | Bought a smoking mace for 224 gold pieces
  3099 | D:4      | Identified the +7 mace of Offuenn {holy, rElec rPois Int+3
                  | Dex+3} (You bought it in a shop on level 4 of the Dungeon)
  3121 | D:4      | Bought a pair of runed gloves for 150 gold pieces
  3278 | D:4      | Bought a scroll of teleportation for 39 gold pieces
  3278 | D:4      | Bought a scroll of teleportation for 39 gold pieces
  3278 | D:4      | Bought a scroll of enchant armour for 97 gold pieces
  3301 | D:5      | Entered Level 5 of the Dungeon
  3455 | D:5      | Reached skill level 1 in Maces & Flails
  3530 | D:5      | Found a shadowy altar of Dithmenos.
  3533 | D:5      | Found a bloodstained altar of Trog.
  3535 | D:5      | Found a shimmering altar of Xom.
  3537 | D:5      | Found a sacrificial altar of Ru.
  3537 | D:5      | Found a basalt altar of Yredelemnul.
  3586 | D:5      | Became a worshipper of Trog the Wrathful
  3893 | D:5      | Reached skill level 2 in Maces & Flails
  3893 | D:5      | Reached skill level 6 in Armour
  3921 | D:5      | You pick up a book of Winter {forbidden} and begin
                  | reading...
  3921 | D:5      | You add the spells Ozocubu's Armour, Metabolic Englaciation
                  | and Simulacrum to your library.
  4267 | D:5      | Reached skill level 8 in Fighting
  4267 | D:5      | Reached XP level 8. HP: 70/74 MP: 4/7
  4357 | D:5      | Reached skill level 3 in Maces & Flails
  4547 | D:6      | Reached skill level 1 in Throwing
  4605 | D:6      | Found Baaveu's CLEARANCE SALE!.
  4611 | D:6      | Bought a scroll of identify for 10 gold pieces
  4614 | D:6      | Gained mutation: You are weak. (Str -2) [potion of
                  | mutation]
  4647 | D:6      | Reached skill level 4 in Maces & Flails
  4763 | D:6      | Found a stormy altar of Qazlal.
  4771 | D:6      | Found a blossoming altar of Fedhas.
  4798 | D:6      | Reached skill level 2 in Throwing
  4906 | D:6      | Reached skill level 9 in Fighting
  4906 | D:6      | Reached skill level 5 in Maces & Flails
  5230 | D:6      | Found a staircase to the Ecumenical Temple.
  5255 | D:6      | Found a runed translucent door.
  5272 | D:6      | Noticed tesmudgin's ghost (novice MiFi)
  5687 | D:6      | Killed tesmudgin's ghost
  5688 | D:6      | Reached skill level 10 in Fighting
  5688 | D:6      | Reached skill level 6 in Maces & Flails
  5688 | D:6      | Reached skill level 3 in Throwing
  5688 | D:6      | Reached XP level 9. HP: 81/85 MP: 1/8
  5894 | D:7      | Reached skill level 7 in Maces & Flails
  6082 | D:7      | Noticed a komodo dragon
  6085 | D:7      | Reached * piety under Trog
  6095 | D:7      | Killed a komodo dragon
  6095 | D:7      | Noticed a cyclops
  6096 | D:7      | Reached skill level 8 in Maces & Flails
  6096 | D:7      | Reached skill level 4 in Throwing
  6102 | D:7      | HP: 4/86 [cyclops (19)]
  6103 | D:7      | Slain by a vampire

Vanquished Creatures
  The ghost of tesmudgin the Cleaver, a novice MiFi (D:6)
  A komodo dragon (D:7)
  A wyvern (D:7)
  Eustachio (D:4)
  A vampire mosquito (D:7)
  A water moccasin (D:6)
  Duvessa (D:4)
  A black bear (D:6)
  2 ogres
  2 centaurs
  A phantom (D:6)
  A kobold brigand (D:7)
  Blork the orc (D:4)
  4 bullfrogs
  4 scorpions
  Dowan (D:4)
  A howler monkey (D:7)
  A hound (D:5)
  6 jellies
  An iguana (D:5)
  3 orc wizards
  Natasha (thrice) (D:2)
  3 gnolls (D:4)
  15 adders
  An ufetubus (D:6)
  3 worms
  2 dart slugs
  11 orcs
  5 endoplasms
  3 giant cockroaches (D:2)
  7 goblins
  4 hobgoblins
  5 quokkas
  7 ball pythons
  4 bats
  3 frilled lizards
  8 kobolds
  3 rats (D:1)
123 creatures vanquished.

Table legend:
 A = Non-vault XP
 B = Vault XP
 C = Vault XP percentage of total XP
 D = Non-vault monster count
 E = Vault monster count
 F = Vault count percentage of total count
                 A         B        C        D         E       F
            +---------+---------+-------+---------+---------+-------
      Total |    2160 |    2351 |  52.1 |     105 |      18 |  14.6
            +---------+---------+-------+---------+---------+-------
        D:1 |      41 |       0 |   0.0 |      25 |       0 |   0.0
        D:2 |     179 |      35 |  16.4 |      21 |       1 |   4.5
        D:3 |      53 |       0 |   0.0 |      10 |       0 |   0.0
        D:4 |     270 |     516 |  65.6 |      18 |       4 |  18.2
        D:5 |     544 |       0 |   0.0 |      11 |       0 |   0.0
        D:6 |     773 |     886 |  53.4 |      16 |       5 |  23.8
        D:7 |     300 |     914 |  75.3 |       4 |       8 |  66.7
            +---------+---------+-------+---------+---------+-------

Illustrated notes

Table legend:
 A = Kills in this place as a percentage of kills in entire the game.
 B = Kills by you in this place as a percentage of kills by you in the entire game.
 C = Kills by friends in this place as a percentage of kills by friends in the entire game.
 D = Other kills in this place as a percentage of other kills in the entire game.
 E = Experience gained in this place as a percentage of experience gained in the entire game.
 F = Experience gained in this place divided by the number of levels of this place that you have seen.
                   A       B       C       D       E      F
               +-------+-------+-------+-------+-------+----------------------
         Total | 100.0 | 100.0 |   N/A |   N/A | 100.0 | 644.4
       Dungeon | 100.0 | 100.0 |   N/A |   N/A | 100.0 | 644.4
               +-------+-------+-------+-------+-------+----------------------

Table legend: (Time is in decaauts)
 A = Elapsed time spent in this place.
 B = Non-inter-level travel time spent in this place.
 C = Inter-level travel time spent in this place.
 D = Time resting spent in this place.
 E = Time spent auto-exploring this place.
 F = Levels seen in this place.
 G = Mean time per level.
                   A        B        C        D        E       F      G
               +--------+--------+--------+--------+--------+-----+--------+
         Total |   6176 |   5752 |    424 |      0 |   4906 |   7 |  882.3 |
       Dungeon |   6176 |   5752 |    424 |      0 |   4906 |   7 |  882.3 |
               +--------+--------+--------+--------+--------+-----+--------+

Top non-repeatable levels by time:
     D:4: 1407 daAuts
     D:6: 1271 daAuts
     D:5: 1244 daAuts
     D:1: 764 daAuts
     D:2: 681 daAuts
     D:3: 506 daAuts
     D:7: 300 daAuts
